 Dungeon Crawl Stone Soup version 0.31-a0-983-g7b6862f502 (webtiles) character file.

Game seed: 632802073743011388

133 lunkers the Insei (level 4, -2/34 HPs)
             Began as a Demigod Shapeshifter on Nov 2, 2023.
             Frozen to death by an endoplasm (5 damage)
             ... on level 3 of the Dungeon.
             The game lasted 00:02:37 (1825 turns).

lunkers the Insei (Demigod Shapeshifter)            Turns: 1825, Time: 00:02:37

Health: -2/34      AC:  8    Str: 15    XL:     4   Next: 64%
Magic:  6/6        EV:  7    Int: 12    God:
Gold:   98         SH:  0    Dex: 17    Spells: 3/3 levels left

rFire   . .          .
                       - Unarmed
rCold   . . .        (no shield)
rNeg    . . .        j - +0 chain mail
rPois   .            (helmet currently unavailable)
rElec   .            (cloak currently unavailable)
rCorr   .            (gloves currently unavailable)
SInv    .            (boots currently unavailable)
Will    .....        (no amulet) Stlth
                     (no ring)
HPRegen 0.25/turn    (no ring)
MPRegen 0.10/turn

%: no passive effects
@: beast-form
A: beast (slay +2), high MP 1, forlorn, divine attributes
a: Begin Untransformation


You were on level 3 of the Dungeon.
You were a hulking beast.
You visited 1 branch of the dungeon, and saw 3 of its levels.

You collected 98 gold pieces.

Inventory:

Armour
 a - a +0 animal skin
 g - a +0 robe of fire resistance
 j - a +0 chain mail (worn)
Talismans
 c - a beast talisman
 d - a flux talisman
 h - a maw talisman
Scrolls
 e - a scroll of identify {unknown}
 i - a scroll of noise {unknown}
 m - a scroll of torment {unknown}
Potions
 f - a potion of brilliance {unknown}
 k - 2 potions of might {unknown}
 l - a potion of resistance {unknown}
 n - a potion of curing {unknown}


   Skills:
 - Level 0.8 Fighting
 - Level 1.7 Dodging
 * Level 4.5 Unarmed Combat
 + Level 3.5 Shapeshifting


You had 3 spell levels left.
You didn't know any spells.
Your spell library was empty.

Dungeon Overview and Level Annotations

Branches:
Dungeon (3/15)


Innate Abilities, Weirdness & Mutations

You are a hulking beast.
Your limbs bulge with bestial killing power. (Slay +2)
You have an increased reservoir of magic. (+10% MP)
You shall have no god before yourself.
Your divine heritage dramatically boosts your attributes as you level up.


Message History

You hit the orc wizard.
You kill the orc wizard!
You swing at nothing.
A magic dart appears from out of thin air!
The magic dart hits you but does no damage.
You swing at nothing.
You hear some strange, mumbled words.
A puff of flame appears from out of thin air!
The puff of flame hits you!
* * * LOW HITPOINT WARNING * * *
You swing at nothing.
You closely miss something. Your punch misses something.
Your transformation is almost over.
You hear some strange, mumbled words.
A puff of flame appears from out of thin air!
The puff of flame hits you but does no damage.
You barely miss something. Something hits you but does no damage.
You miss something.
You hear some strange, mumbled words.
A puff of flame appears from out of thin air!
The puff of flame hits you but does no damage.
You hit something but do no damage. Something hits you.
* * * LOW HITPOINT WARNING * * *
You closely miss something. Something hits you but does no damage.
You closely miss something. Your punch misses something.
Something hits you but does no damage.
You hit something. Something hits you.
* * * LOW HITPOINT WARNING * * *
You miss something. Something hits you.
* * * LOW HITPOINT WARNING * * *
You smack something!
Reactivating autopickup.
You feel a bit more experienced.
You barely miss the endoplasm.
You feel less wooden.
Your +0 chain mail unmelds from your body.
You turn into a hulking beast.
The endoplasm freezes you.
You are frozen.
You die...

#.#..#.# .....#.#
### ....##.# ...
####...# ...
####.### #.#
.....# #.. ######
#..#.# #..#J#
#..#h# #..#.#
#..#.# #..#.#
#..#.#
#############..#.#
.................#
#############..###
####


You could see an endoplasm.

Vanquished Creatures
  2 orc wizards (D:3)
  3 adders
  A dart slug (D:1)
  An orc (D:3)
  2 ball pythons
  2 endoplasms
  6 giant cockroaches
  5 goblins
  8 hobgoblins
  2 quokkas (D:2)
  5 bats
  5 frilled lizards
  4 kobolds
  7 rats
53 creatures vanquished.

Notes
Turn   | Place    | Note
-------+----------+-------------------------------------------
     0 | D:1      | lunkers the Demigod Shapeshifter began the quest for the
                  | Orb.
     0 | D:1      | Reached XP level 1. HP: 15/15 MP: 3/3
   253 | D:1      | Reached skill level 3 in Unarmed Combat
   294 | D:1      | Reached XP level 2. HP: 21/22 MP: 4/4
  1021 | D:2      | Reached XP level 3. HP: 27/27 MP: 5/5
  1687 | D:3      | Reached skill level 4 in Unarmed Combat
  1762 | D:3      | Reached XP level 4. HP: 34/34 MP: 6/6
  1825 | D:3      | Frozen to death by an endoplasm

Illustrated notes

Levels and vault maps discovered:
D:1:      spicycebolla_arrival_xxxplode, layout_loops_corners,
          shapermc_ecumenical_altar_venn
D:2:      layout_rooms
D:3:      layout_basic, biasface_ghost_orc_armoury

Skill      XL: |  1  2  3 |
---------------+----------+-----
Unarmed Combat | 3 4 |  4.5
Shapeshifting  | 3 |  3.5
Fighting       | |  0.8
Dodging        | |  1.7

Action                     |  1- 3 |  4- 6 || total
---------------------------+-------+-------++-------
  Melee: Unarmed           |   150 |    20 ||   170
         Punch             |     6 |       ||     6
    Use: Potion            |       |     1 ||     1
   Stab: Sleeping          |     2 |       ||     2
 Armour: Robe              |    63 |       ||    63
         Animal skin       |     1 |       ||     1
         Chain mail        |    40 |     5 ||    45
         Skin              |       |    16 ||    16
  Dodge: Dodged            |    54 |     2 ||    56

Table legend: (Time is in decaauts)
 A = Elapsed time spent in this place.
 B = Non-inter-level travel time spent in this place.
 C = Inter-level travel time spent in this place.
 D = Time resting spent in this place.
 E = Time spent auto-exploring this place.
 F = Levels seen in this place.
 G = Mean time per level.
                   A        B        C        D        E       F      G
               +--------+--------+--------+--------+--------+-----+--------+
         Total |   1813 |   1742 |     71 |      0 |   1372 |   3 |  604.3 |
       Dungeon |   1813 |   1742 |     71 |      0 |   1372 |   3 |  604.3 |
               +--------+--------+--------+--------+--------+-----+--------+

Top non-repeatable levels by time:
     D:1: 983 daAuts
     D:2: 648 daAuts
     D:3: 181 daAuts
